 Dungeon Crawl Stone Soup version 0.28-a0-1235-g7c8fac35f0 (webtiles) character file.

Game seed: 16223724737542692861

1856 kae the Cleaver (level 9, -2/70 HPs)
             Began as a Hill Orc Fighter on Dec 24, 2021.
             Was an Initiate of Qazlal.
             Shot with an arrow by a centaur (5 damage)
             ... on level 7 of the Dungeon.
             The game lasted 00:07:34 (7490 turns).

kae the Cleaver (Hill Orc Fighter)                  Turns: 7490, Time: 00:07:34

Health: -2/70      AC: 11    Str: 23    XL:     9   Next: 13%
Magic:  9/9        EV:  9    Int:  8    God:    Qazlal [......]
Gold:   269        SH:  4    Dex: 10    Spells: 8/8 levels left

rFire   . . .      SeeInvis .   a - +0 war axe
rCold   . . .      Faith    .   c - +0 buckler
rNeg    . . .      Spirit   .   b - +0 scale mail
rPois   .          Reflect  .   (no helmet)
rElec   .          Harm     .   (no cloak)
rCorr   .          Rampage  .   i - +2 pair of gloves
Will    .....                   l - +0 pair of boots
Stlth   ..........              (no amulet)
HPRegen 0.21/turn               (no ring)
MPRegen 0.11/turn               (no ring)

@: studying Air Magic
A: no striking features
a: Renounce Religion


You were on level 7 of the Dungeon.
You worshipped Qazlal.
Qazlal was noncommittal.
You visited 2 branches of the dungeon, and saw 8 of its levels.

You collected 269 gold pieces.

Inventory:

Hand Weapons
 a - a +0 war axe (weapon)
Armour
 b - a +0 scale mail (worn)
 c - a +0 buckler (worn)
 i - a +2 pair of gloves (worn)
 l - a +0 pair of boots (worn)
Wands
 n - a wand of polymorph (3)
Scrolls
 h - 4 scrolls of blinking
 k - 3 scrolls of identify
 o - 3 scrolls of teleportation
Potions
 d - a potion of might
 e - a potion of haste
 f - 5 potions of curing
 g - 2 potions of heal wounds
 j - a potion of berserk rage
 m - a potion of ambrosia
 p - 2 potions of resistance
 q - a potion of brilliance


   Skills:
 - Level 3.6 Fighting
 + Level 14.8 Axes
 - Level 3.2 Armour
 + Level 3.4 Shields
 + Level 1.1 Invocations


You had 8 spell levels left.
You didn't know any spells.
Your spell library contained the following spells:

 Spells                   Type           Power      Damage    Failure   Level
 Magic Dart               Conj           0%         1d3       75%         1
 Call Imp                 Summ           0%         N/A       87%         2
 Searing Ray              Conj           0%         2d4       87%         2
 Mephitic Cloud           Conj/Pois/Air  0%         N/A       98%         3
 Fulminant Prism          Conj/Hex       0%         3d6       100%        4


Dungeon Overview and Level Annotations

Branches:
Dungeon (7/15)             Temple (1/1) D:5

Altars:
Ashenzari
Dithmenos
Elyvilon
Fedhas
Hepliaklqana
Kikubaaqudgha
Makhleb
Okawaru
Qazlal
Ru
Sif Muna
Vehumet
Yredelemnul
The Shining One


Message History

The centaur shoots an arrow.
The arrow hits you!
The centaur shoots an arrow.
The arrow hits you!
The centaur shoots an arrow.
The arrow hits you.
You are too injured to fight recklessly!
You are too injured to fight recklessly!
You are too injured to fight recklessly!
You are too injured to fight recklessly!
You are too injured to fight recklessly!
The centaur shoots an arrow.
The arrow hits you.
The centaur unwields a +0 shortbow.
The centaur hits you but does no damage.
The centaur kicks you but does no damage.
The phantom closely misses you. The centaur hits you.
The centaur kicks you but does no damage.
You slash the centaur!
The centaur is heavily wounded.
You hit the phantom. The phantom hits you.
The phantom blinks!
You blink.
The centaur wields a +0 shortbow.
The centaur shoots an arrow.
You block the arrow.
The centaur shoots an arrow.
The arrow hits you but does no damage. The phantom hits you.
You slash the phantom!
The phantom is heavily damaged.
The centaur shoots an arrow.
The arrow hits you. The phantom hits you.
The phantom blinks!
You blink.
You hit the phantom.
The phantom is severely damaged.
The centaur shoots an arrow.
The arrow hits you.
Your scale mail prevents you from hitting the phantom.
The phantom is severely damaged.
The centaur shoots an arrow.
The arrow hits you!
* * * LOW HITPOINT WARNING * * *
The phantom barely misses you.
The centaur shoots an arrow.
The arrow hits you!
* * * LOW HITPOINT WARNING * * *
You barely miss the phantom.
The phantom is severely damaged.
The phantom hits you.
* * * LOW HITPOINT WARNING * * *
The phantom blinks!
You blink.
The centaur shoots an arrow.
The arrow hits you.
You die...

..............## ##.#
...............## #..#
................## #.##
..........c......# #.#
#................# #####.#
#............§..## #...#.#
##..........§..##
##.....## ##............##
#.......##
##.......@....###........#
#..#.....W#.....#.........
#.###...#####......)......
... ##### ##............
.. ###..........
##......... #.........
#......... ##........


You could see a phantom and a centaur.

Vanquished Creatures
  Eustachio (D:6)
  Edmund (D:5)
  A water moccasin (D:4)
  A black bear (D:3)
  2 sky beasts (D:5)
  An ice beast (D:6)
  A necrophage (D:3)
  An ogre (D:6)
  Blork the orc (D:4)
  A phantom (D:7)
  A kobold brigand (D:5)
  2 scorpions
  A gnoll sergeant (D:3)
  A bullfrog zombie (D:6)
  A howler monkey (D:6)
  3 hounds
  A jelly (D:5)
  A gnoll shaman (D:5)
  A centaur skeleton (D:6)
  A bullfrog skeleton (D:5)
  An orc wizard (D:5)
  A hound skeleton (D:5)
  2 howler monkey zombies
  7 gnolls
  2 river rats (D:6)
  2 adders
  A howler monkey skeleton (D:6)
  An ufetubus (D:4)
  2 adder zombies (D:5)
  2 worms
  7 dart slugs
  18 orcs
  2 ball pythons
  12 endoplasms
  3 giant cockroaches
  8 goblins
  4 hobgoblins
  12 jackals
  8 kobolds
  A quokka (D:1)
  2 bats (D:1)
  3 frilled lizards
  4 rats
129 creatures vanquished.

Vanquished Creatures (others)
  2 plants (D:1)
2 creatures vanquished.

Grand Total: 131 creatures vanquished

Notes
Turn   | Place    | Note
-------+----------+-------------------------------------------
     0 | D:1      | kae the Hill Orc Fighter began the quest for the Orb.
     0 | D:1      | Reached XP level 1. HP: 19/19 MP: 1/1
    25 | D:1      | Reached skill level 3 in Axes
    68 | D:1      | Reached XP level 2. HP: 21/26 MP: 2/2
   306 | D:1      | Reached skill level 4 in Axes
   474 | D:1      | Reached XP level 3. HP: 30/31 MP: 3/3
   495 | D:1      | Found a faded altar of an unknown god.
  1067 | D:2      | Reached skill level 5 in Axes
  1906 | D:3      | Noticed a necrophage
  1922 | D:3      | Killed a necrophage
  1923 | D:3      | Reached skill level 7 in Axes
  1923 | D:3      | Reached XP level 4. HP: 14/39 MP: 4/4
  1923 | D:3      | Reached XP level 5. HP: 16/45 MP: 5/5
  2179 | D:3      | Found a radiant altar of Vehumet.
  2880 | D:3      | Found a shimmering blue altar of Sif Muna.
  3227 | D:3      | Found Onuonud's Book Shoppe.
  3302 | D:4      | Reached skill level 8 in Axes
  3302 | D:4      | Reached XP level 6. HP: 51/51 MP: 6/6
  3395 | D:4      | Noticed Blork the orc
  3415 | D:4      | Killed Blork the orc
  3416 | D:4      | Reached skill level 9 in Axes
  3729 | D:4      | Noticed a black bear
  3769 | D:3      | Killed a black bear
  3770 | D:3      | Reached XP level 7. HP: 34/57 MP: 7/7
  3912 | D:3      | Reached skill level 10 in Axes
  4362 | D:4      | Found a white marble altar of Elyvilon.
  4505 | D:5      | Entered Level 5 of the Dungeon
  4600 | D:5      | Reached skill level 11 in Axes
  4629 | D:5      | Reached XP level 8. HP: 58/64 MP: 8/8
  4639 | D:5      | Reached skill level 12 in Axes
  4822 | D:5      | Found a staircase to the Ecumenical Temple.
  4881 | D:5      | Noticed Edmund
  4896 | D:5      | Killed Edmund
  5073 | D:5      | Reached skill level 13 in Axes
  6201 | D:6      | Noticed Eustachio
  6208 | D:6      | Reached skill level 14 in Axes
  6288 | D:6      | Killed Eustachio
  6289 | D:6      | Reached XP level 9. HP: 23/70 MP: 9/9
  6681 | D:6      | Found a shadowy altar of Dithmenos.
  6912 | Temple   | Entered the Ecumenical Temple
  7135 | Temple   | Became a worshipper of Qazlal Stormbringer
  7438 | D:7      | Reached skill level 1 in Invocations
  7490 | D:7      | HP: 3/70 [phantom (3)]
  7490 | D:7      | Shot with an arrow by a centaur

Illustrated notes

Levels and vault maps discovered:
D:1:      minmay_arrival_open_corners, layout_loops_ring,
          chequers_ecumenical_altar_lobes
D:2:      layout_basic, nicolae_concentric_dashed_squares_mild, minivault_19
D:3:      layout_basic, nicolae_overflow_hidden_temple, marbit_many_paths,
          serial_shops, shop
D:4:      layout_basic, lemuel_round_altar, minmay_small_thing,
          uniq_blork_the_orc
D:5:      layout_loops_ring, minmay_temple_entry_antechambers,
          serial_park_tiny_pond, minmay_manual_monstrance, uniq_edmund
D:6:      layout_loops_ring, mainiacjoe_overflow_alcove_4, portal_sewer_entry_b,
          uniq_eustachio
D:7:      layout_cave_pods
Temple:   jpeg_temple_alley_garden

Skill      XL: |  1  2  3  4  5  6  7  8  9 |
---------------+----------------------------+-----
Axes           | 3 4 7 8 9 11 14 | 14.8
Invocations    | 1 |  1.1
Fighting       | |  3.6
Armour         | |  3.2
Shields        | |  3.4

Action                   |  1- 3 |  4- 6 |  7- 9 || total
-------------------------+-------+-------+-------++-------
Melee: War axe           |   112 |   106 |   281 ||   499
  Use: Scroll            |     4 |     5 |     6 ||    15
Armor: Scale mail        |    41 |    51 |   123 ||   215
Dodge: Dodged            |    50 |    48 |    87 ||   185
Block: Buckler           |    23 |    21 |    51 ||    95

Table legend: (Time is in decaauts)
 A = Elapsed time spent in this place.
 B = Non-inter-level travel time spent in this place.
 C = Inter-level travel time spent in this place.
 D = Time resting spent in this place.
 E = Time spent auto-exploring this place.
 F = Levels seen in this place.
 G = Mean time per level.
                   A        B        C        D        E       F      G
               +--------+--------+--------+--------+--------+-----+--------+
         Total |   7501 |   7106 |    395 |    522 |   5587 |   8 |  937.6 |
       Dungeon |   7245 |   6932 |    313 |    522 |   5418 |   7 | 1035.0 |
        Temple |    256 |    175 |     81 |      0 |    169 |   1 |  256.0 |
               +--------+--------+--------+--------+--------+-----+--------+

Top non-repeatable levels by time:
     D:3: 1815 daAuts
     D:6: 1227 daAuts
     D:5: 1209 daAuts
     D:1: 1023 daAuts
     D:4: 973 daAuts
     D:2: 737 daAuts
     D:7: 258 daAuts
  Temple: 256 daAuts
